 Dungeon Crawl Stone Soup version 0.30.1-4-g462c640d31 (webtiles) character file.

Game seed: 2520710483142049910

3450 Kurtz the Cleaver (level 10, 0/64 HPs)
             Began as a Tengu Fighter on Sept 18, 2023.
             Was a Priest of Okawaru.
             Slain by a wyvern (6 damage)
             ... on level 8 of the Dungeon.
             The game lasted 00:10:32 (8388 turns).

Kurtz the Cleaver (Tengu Fighter)                   Turns: 8388, Time: 00:10:34

Health: 0/64       AC: 11    Str: 21    XL:     10   Next: 6%
Magic:  11/11      EV:  9    Int:  8    God:    Okawaru [***...]
Gold:   304        SH:  5    Dex: 20    Spells: 9/9 levels left

rFire   . . .        i - +3 whip (venom)
rCold   + . .        c - +0 buckler
rNeg    . . .        y - +0 plate armour
rPois   .            (helmet restricted)
rElec   .            (no cloak)
rCorr   .            (no gloves)
SInv    .            (boots unavailable)
Will    .....        (no amulet) Stlth
                     w - +6 ring of dexterity
HPRegen 0.30/turn    F - ring of protection from cold
MPRegen 0.12/turn

%: no passive effects
@: flying quickly and evasively, studying Unarmed Combat, invisible, quick
A: beak, talons 3, nimble flight
a: Renounce Religion, Heroism


You were on level 8 of the Dungeon.
You worshipped Okawaru.
Okawaru was most pleased with you.
You visited 2 branches of the dungeon, and saw 9 of its levels.
You also visited: Sewer.

You collected 401 gold pieces.
You spent 97 gold pieces at shops.

Inventory:

Hand Weapons
 a - a +0 war axe
 i - a +3 whip of venom (weapon)
 H - a +3 morningstar
Missiles
 o - 5 silver javelins (quivered)
 u - 17 poisoned darts
 C - 2 curare-tipped darts
Armour
 c - a +0 buckler (worn)
 y - a +0 plate armour (worn)
Jewellery
 w - a +6 ring of dexterity (left hand)
 F - a ring of protection from cold (right hand)
Wands
 r - a wand of flame (37)
Scrolls
 f - 3 scrolls of identify {unknown}
 j - 2 scrolls of vulnerability {unknown}
 k - a scroll of fog {unknown}
 l - a scroll of enchant armour {unknown}
 m - 2 scrolls of amnesia {unknown}
 n - 3 scrolls of poison {unknown}
 p - a scroll of magic mapping
 q - a scroll of blinking {unknown}
 v - a scroll of enchant weapon {unknown}
 x - 3 scrolls of silence {unknown}
 B - 2 scrolls of immolation {unknown}
 D - a scroll of noise {unknown}
 E - a scroll of teleportation {unknown}
 G - a scroll of fear {unknown}
Potions
 b - a potion of curing {unknown}
 d - a potion of might
 e - 4 potions of heal wounds {unknown}
 g - 3 potions of attraction {unknown}
 h - 2 potions of flight {unknown}
 s - 2 potions of berserk rage {unknown}
 t - 3 potions of resistance {unknown}
 z - 3 potions of haste {unknown}
 A - 2 potions of brilliance {unknown}
 I - a potion of magic {unknown}


   Skills:
 - Level 8.0 Fighting
 * Level 12.1 Axes
 - Level 3.2 Armour
 - Level 4.8 Dodging
 - Level 3.0 Shields


You had 9 spell levels left.
You didn't know any spells.
Your spell library contained the following spells:

 Spells                   Type           Power      Damage    Failure   Level
 Shock                    Conj/Air       0%         1d3       100%        1
 Swiftness                Air            0%         N/A       100%        3
 Vhi's Electric Charge    Tloc/Air       0%         N/A       100%        3
 Airstrike                Air            0%         2d(0-16)  100%        4
 Passage of Golubria      Tloc           0%         N/A       100%        4
 Arcjolt                  Conj/Air       0%         1d10      100%        5
 Yara's Violent Unravell  Hex/Tmut       0%         3d3       100%        5
 Storm Form               Tmut/Air       0%         N/A       100%        7
 Maxwell's Capacitive Co  Air            0%         ∞         100%        8
 Tukima's Dance           Hex            Unusable   N/A       N/A         3
 Summon Lightning Spire   Summ/Air       Unusable   N/A       N/A         4

Dungeon Overview and Level Annotations

Branches:
Dungeon (8/15)             Temple (1/1) D:4           Sewer (visited)
   Lair: D:8-11

Altars:
Ashenzari
Cheibriados
Dithmenos
Elyvilon
Fedhas
Gozag
Hepliaklqana
Kikubaaqudgha
Makhleb
Nemelex Xobeh
Okawaru
Qazlal
Ru
Sif Muna
Trog
Uskayaw
Vehumet
Wu Jian
Xom
Yredelemnul
The Shining One

Shops:
D:4 ?

Portals:
Bailey: D:8

Annotations:
D:7 1 runed translucent door, Crazy Yiuf


Innate Abilities, Weirdness & Mutations

You have a beak for a mouth.
You have claws for feet.
Your magical nature lets you fly swiftly and evasively.


Message History

The kobold barely misses you. The kobold closely misses you.
The kobold brigand hits you but does no damage.
Unknown command.
You hit the kobold brigand.
The kobold brigand looks as sick as possible!
Your kick misses the kobold brigand.
The kobold brigand is severely wounded.
The wyvern bites you. The kobold hits you but does no damage.
You block the kobold's attack.
The kobold hits you with a +0 short sword.
The kobold brigand hits you with a +0 dagger!
The wyvern bites you.
You hit the kobold brigand.
You kill the kobold brigand!
Okawaru accepts your kill. The wyvern bites you!
The kobold hits you with a +0 club. The kobold hits you but does no damage.
You are electrocuted!
The kobold hits you but does no damage.
The kobold throws a stone.
The stone hits you but does no damage.
You are too injured to fight recklessly!
You are too injured to fight recklessly!
Unknown command.
Unknown command.
Okay, then.
The wyvern attacks as you move away! You block the wyvern's attack.
The kobold closely misses you. You block the kobold's attack.
The wyvern attacks as you move away! The wyvern closely misses you.
You block the wyvern's attack.
The kobold hits you with a +0 whip of electrocution.
You are electrocuted!
* * * LOW HITPOINT WARNING * * *
The wyvern attacks as you move away! The wyvern barely misses you.
Okay, then.
You fade into invisibility!
The kobold throws a stone.
The stone closely misses the kobold.
The stone hits the wyvern but does no damage.
The kobold throws a stone.
The stone hits the kobold but does no damage.
The wyvern bites you.
You die...

,,,,,.......>.##.........,,** *,,
*,****#.....#............,,,* **,
*,* #.....#.###........,,,***,,
*,* #..................,,,,,,,,
*,* #..........K.......,,,,**,,
*,** #.<.........K#.#,,,,,,,**,,
*,,* #.........#KK..#..,,,,,**,,
******#......)..#l#>.....,,,,,*,,
**,,,*#.....)∩).@....##..,*,,,,,,
*,,,,,####...)..#..#....#,*,*,*,,
+,,,,,* #......#........,,,,,*,<
*,,,,,* #.####..........,,,,,***
**,,,** *#.#**##..#####..,***,*
*********...,,,,...,,,,,#,,**,*
,,,,,,,,,,,****####*******,,,,*
,,,,,,****** ****** ,,,,,,*


You could see a wyvern (unable to see you) and 4 kobolds.

Vanquished Creatures
  Prince Ribbit (D:6)
  Grinder (D:3)
  A yak (D:6)
  An orc warrior (D:7)
  A black bear (D:6)
  A sky beast (D:6)
  An ice beast (D:5)
  5 ogres
  2 centaurs
  A phantom (D:6)
  A bullfrog (D:7)
  5 kobold brigands
  5 scorpions
  6 wights
  3 howler monkeys (D:7)
  An orc priest (D:7)
  9 hounds
  5 iguanas
  A jelly (D:5)
  Jessica (D:3)
  A sleepcap (D:5)
  Ijyb (D:3)
  An orc wizard (D:5)
  Robin (D:3)
  6 gnolls
  5 adders
  A worm (D:4)
  2 dart slugs
  17 orcs
  11 ball pythons
  4 endoplasms
  4 giant cockroaches
  14 goblins
  6 hobgoblins
  9 jackals
  20 kobolds
  3 quokkas
  6 bats
  4 frilled lizards
  7 rats
175 creatures vanquished.

Notes
Turn   | Place    | Note
-------+----------+-------------------------------------------
     0 | D:1      | Kurtz the Tengu Fighter began the quest for the Orb.
     0 | D:1      | Reached XP level 1. HP: 14/14 MP: 2/2
   115 | D:1      | Reached XP level 2. HP: 19/19 MP: 3/3
   118 | D:1      | Reached skill level 3 in Axes
   505 | D:1      | Reached XP level 3. HP: 21/23 MP: 4/4
   678 | D:1      | Found a faded altar of an unknown god.
   865 | D:2      | Reached skill level 4 in Axes
  1602 | D:3      | Reached XP level 4. HP: 28/28 MP: 5/5
  1676 | D:3      | Noticed Jessica
  1681 | D:3      | Killed Jessica
  1696 | D:3      | Noticed Grinder
  1735 | D:3      | Killed Grinder
  1736 | D:3      | Reached skill level 5 in Axes
  1736 | D:3      | Reached skill level 1 in Dodging
  1736 | D:3      | Gained mutation: Your magical nature lets you fly swiftly
                  | and evasively. [Tengu growth]
  1736 | D:3      | Reached XP level 5. HP: 15/33 MP: 6/6
  1736 | D:3      | Reached XP level 6. HP: 17/38 MP: 7/7
  1905 | D:3      | Noticed Ijyb
  1918 | D:3      | Killed Ijyb
  1919 | D:3      | Reached skill level 6 in Axes
  2268 | D:3      | Noticed Robin
  2283 | D:3      | Killed Robin
  2777 | D:4      | Reached XP level 7. HP: 27/44 MP: 8/8
  2899 | D:4      | Found Loarik's Magic Scroll Shop.
  2901 | D:4      | Reached skill level 5 in Fighting
  2908 | D:4      | Bought a scroll of magic mapping for 97 gold pieces
  2986 | D:4      | Found a glowing drain.
  3002 | Sewer    | Entered a sewer
  3026 | Sewer    | Reached skill level 7 in Axes
  3416 | Sewer    | Reached XP level 8. HP: 36/51 MP: 9/9
  3730 | D:4      | Found a staircase to the Ecumenical Temple.
  3897 | Temple   | Entered the Ecumenical Temple
  4121 | Temple   | Became a worshipper of Warmaster Okawaru
  4389 | D:5      | Entered Level 5 of the Dungeon
  4618 | D:5      | Reached skill level 8 in Axes
  4622 | D:5      | Reached * piety under Okawaru
  5090 | D:5      | Reached XP level 9. HP: 38/57 MP: 10/10
  5633 | D:6      | Reached skill level 9 in Axes
  6087 | D:6      | Reached ** piety under Okawaru
  6194 | D:6      | Reached skill level 10 in Axes
  6879 | D:7      | Noticed Prince Ribbit
  6900 | D:6      | Killed Prince Ribbit
  6901 | D:6      | Reached skill level 11 in Axes
  7106 | D:7      | Reached *** piety under Okawaru
  7659 | D:7      | Reached XP level 10. HP: 41/64 MP: 11/11
  7966 | D:7      | Reached skill level 12 in Axes
  8180 | D:7      | Found a runed translucent door.
  8181 | D:7      | Noticed Crazy Yiuf
  8364 | D:8      | Found a flagged portal.
  8388 | D:8      | Slain by a wyvern

Illustrated notes

Levels and vault maps discovered:
D:1:      psy_arrival_statuary, layout_basic, dilly_ecumenical_altar_fadedgnrine
D:2:      layout_loops_ring
D:3:      minmay_inner_zag, layout_basic, corexii_item_surrounded_by_moat,
          minmay_misc_feat_nine_boxes, uniq_grinder, uniq_jessica, uniq_robin,
          uniq_ijyb
D:4:      layout_basic, minmay_temple_entry_statues,
          cheibrodos_sewer_entry_bend, serial_shops,
          nicolae_shop_just_a_little_nook, hangedman_decor_slide_cut,
          hangedman_glass_teeth
D:5:      layout_basic, kennysheep_generic_room_11
D:6:      layout_basic, minmay_manual_monstrance
D:7:      layout_cave_pods, uniq_crazy_yiuf_cottage, uniq_prince_ribbit1
D:8:      layout_rooms, enter_bailey_2, minmay_three_doors
Temple:   roderic_octagonal_lattice_temple

Skill      XL: |  1  2  3  4  5  6  7  8  9 10 |
---------------+-------------------------------+-----
Axes           | 3 4 5 6 7 8 11 12 | 12.1
Fighting       | 4 5 7 8 |  8.0
Dodging        | 1 2 3 4 |  4.8
Armour         | |  3.2
Shields        | |  3.0

Action                     |  1- 3 |  4- 6 |  7- 9 | 10-12 || total
---------------------------+-------+-------+-------+-------++-------
  Melee: War axe           |    56 |       |       |       ||    56
         Peck              |     7 |    11 |    72 |     3 ||    93
         Kick              |    13 |    16 |   106 |     8 ||   143
         Whip              |    21 |    86 |   311 |    21 ||   439
  Throw: Javelin           |       |     1 |     7 |       ||     8
  Evoke: Wand              |       |       |     1 |       ||     1
    Use: Scroll            |       |       |     1 |     1 ||     2
         Potion            |       |       |       |     1 ||     1
 Armour: Scale mail        |    33 |    21 |    14 |       ||    68
         Plate armour      |       |       |    94 |    10 ||   104
  Dodge: Dodged            |    37 |    36 |   118 |    13 ||   204
  Block: Buckler           |    17 |    18 |    82 |     7 ||   124
